 Dungeon Crawl Stone Soup version 0.23-a0-29-g1be82e5 (webtiles) character file.

13 Gruud the Grave Robber (level 2, 0/19 HPs)
             Began as a Demonspawn Necromancer on Aug 3, 2018.
             Slain by an adder (2 damage)
             ... on level 2 of the Dungeon.
             The game lasted 00:03:21 (1199 turns).

Gruud the Grave Robber (Demonspawn Necromancer)     Turns: 1199, Time: 00:03:22

Health: 0/19       AC:  2    Str:  8    XL:     2   Next: 24%
Magic:  0/5        EV: 12    Int: 16    God:
Gold:   55         SH:  0    Dex: 13    Spells: 3/5 levels left

rFire    . . .     SeeInvis .   q - +0 hand axe
rCold    . . .     Gourm    .   (no shield)
rNeg     . . .     Faith    +   a - +0 robe
rPois    .         Spirit   .   (no helmet)
rElec    .         Reflect  .   (no cloak)
rCorr    .         Harm     .   (no gloves)
MR       .....                  (no boots)
Stlth    ++........             o - amulet of faith
HPRegen  0.06/turn              (no ring)
MPRegen  0.09/turn              (no ring)

@: no status effects
A: talons 1
a: no special abilities


You were on level 2 of the Dungeon.
You were not hungry.

You visited 1 branch of the dungeon, and saw 2 of its levels.

You collected 55 gold pieces.

Inventory:

Hand Weapons
 i - a +0 short sword
 m - a +0 club
 p - a +0 hunting sling
 q - a +0 hand axe (weapon)
Missiles
 e - 3 needles of sleeping
 h - 2 throwing nets (quivered)
 j - 76 stones
 n - 19 poisoned needles
Armour
 a - a +0 robe (worn)
Jewellery
 o - an amulet of faith (around neck)
Scrolls
 f - a scroll of identify {unknown}
 k - a scroll of fear {unknown}
 l - a scroll of remove curse {unknown}
 s - 2 scrolls of teleportation {unknown}
Potions
 b - a potion of cancellation {unknown}
 d - a potion of degeneration {unknown}
 g - a potion of heal wounds {unknown}
 r - a potion of berserk rage {unknown}
Comestibles
 c - 3 rations
 t - 3 chunks of flesh


   Skills:
 - Level 1.7 Dodging
 - Level 1.7 Stealth
 - Level 2.0 Spellcasting
 * Level 5.0 Necromancy


You had 3 spell levels left.
You knew the following spells:

 Your Spells              Type           Power        Failure   Level  Hunger
a - Pain                  Necr           ###.         2%          1    #......
b - Animate Skeleton      Necr           N/A          2%          1    #......

Your spell library contained the following spells:

 Spells                   Type           Power        Failure   Level  Hunger
 Animate Dead             Necr           N/A          26%         4    #####..
 Vampiric Draining        Necr           ###.......   8%          3    ###....
 Regeneration             Chrm/Necr      #.........   22%         3    ###....


Dungeon Overview and Level Annotations

Branches:
Dungeon (2/15)

Altars:


Innate Abilities, Weirdness & Mutations

You have sharp toenails.


Message History

The goblin writhes in agony!
You kill the goblin!
The adder barely misses you.
Casting: Pain (safe; 2% risk of failure)
Confirm with . or Enter, or press ? or * to list all spells.
You don't have enough magic to cast that spell.
Unknown command.
You closely miss the adder.
The adder is severely wounded.
The adder closely misses you.
You hit the adder but do no damage. Your kick misses the adder.
The adder is severely wounded.
The adder closely misses you. The adder misses you.
You closely miss the adder.
The adder is severely wounded.
The adder barely misses you. The adder completely misses you.
You barely miss the adder. Your kick misses the adder.
The adder is severely wounded.
The adder bites you.
You die...

################
#...@S..........
############.######........
##.#...ZZ.....# #(#######
.....########## #.g(.#
##........# #.##.#
####.####.# .... .K. <....#
#..#. .#S.# ..####
#........g.# #.#
...#.#.#S.#.#


You could see an adder.

Vanquished Creatures
  A leopard gecko (D:1)
  A giant cockroach (D:1)
  2 goblins (D:2)
  3 kobolds
  A bat (D:2)
  2 frilled lizards
  2 rats (D:1)
12 creatures vanquished.

Notes
Turn   | Place    | Note
-------+----------+-------------------------------------------
     0 | D:1      | Gruud the Demonspawn Necromancer began the quest for the Orb.
     0 | D:1      | Reached XP level 1. HP: 13/13 MP: 3/3
     2 | D:1      | Learned a level 1 spell: Animate Skeleton
  1020 | D:2      | Gained mutation: You have sharp toenails. [demonic ancestry]
  1020 | D:2      | Reached XP level 2. HP: 7/19 MP: 0/5
  1029 | D:2      | Reached skill level 5 in Necromancy
  1199 | D:2      | Slain by an adder

Vault maps used:
D:1:      eino_arrival_tree_alley
D:2:      okawaru_metal_pillars_1_2, serial_glass, glass_columns_b,
          glass_columns_a, minmay_vboxes

Skill      XL: |  1  2 |
---------------+-------+-----
Necromancy     | 5 |  5.0
Dodging        | |  1.7
Stealth        | |  1.7
Spellcasting   | |  2.0

Action                   || total
-------------------------++-------
Melee: Short sword       ||     4
       Unarmed           ||     3
       Hand axe          ||    22
       Kick              ||     1
 Cast: Pain              ||    20
       Animate Skeleton  ||     3
 Stab: Sleeping          ||     1
  Eat: Chunk             ||     1
Armor: Robe              ||     2
Dodge: Dodged            ||    32

Table legend:
 A = Spawn XP
 B = Non-spawn XP
 C = Spawn XP percentage of total XP
 D = Spawn monster count
 E = Non-spawn monster count
 F = Spawn count percentage of total count
 G = Total turns spent on level
                    A         B        C        D         E        F      G
               +---------+---------+-------+---------+---------+-------+---------
         Total |       0 |      19 |   0.0 |       0 |      12 |   0.0 |  1199
               +---------+---------+-------+---------+---------+-------+---------
           D:1 |       0 |      10 |   0.0 |       0 |       6 |   0.0 |   960
           D:2 |       0 |       9 |   0.0 |       0 |       6 |   0.0 |   239
               +---------+---------+-------+---------+---------+-------+---------
